Map: Sacred Grounds

Players

Pierre - Winner!

  • Race: Zerg Zerg
  • League: Silver
  • Spawn Location: 6:00

nefalem - Winner!

  • Race: Protoss Protoss
  • Spawn Location: 6:00

Itek - Winner!

  • Race: Protoss Protoss
  • League: Silver
  • Spawn Location: 6:00

faded - Winner!

  • Race: Zerg Zerg
  • League: Gold
  • Spawn Location: 6:00

Smileblind

  • Race: Protoss Protoss
  • League: Silver
  • Spawn Location: 12:00

jeanpaul

  • Race: Protoss Protoss
  • League: Silver
  • Spawn Location: 12:00

dkoltz

  • Race: Protoss Protoss
  • Spawn Location: 12:00

PAPAOSOS

  • Race: Protoss Protoss
  • Spawn Location: 12:00

VOD

Have the link to the VOD?

Description

Time

  • Played on: Jan. 16, 2019, 7:25 p.m.
  • Length: 14:49
Show
View Real Time Build Order
Export as new Build Order

Pierre Zerg - Winner!

Build Orders: Pool First 

Get SALT Encoding   

  12  0:28  Spawning Pool  
  12  0:31  Overlord  
  12  0:32  Drone  
  12  0:36  Drone  
  13  0:44  Drone  
  14  0:55  Extractor  
  14  0:56  Extractor, Drone  
  13  1:07  Drone  
  14  1:16  Drone  
  15  1:20  Queen  
  17  1:26  Drone  
  18  1:37  Drone  
  19  1:52  Hatchery  
  18  2:05  Drone  
  18  2:06  Drone  
  20  2:10  Overlord  
  20  2:18  Lair  
  20  2:23  Drone  
  21  2:35  Drone x2  
  21  2:36  Drone  
  25  2:44  Drone  
  25  2:48  Drone  
  26  3:00  Drone  
  26  3:03  Overlord  
  26  3:05  Drone x2  
  29  3:13  Queen  
  29  3:17  Drone  
  32  3:20  Drone  
  33  3:27  Overlord  
  33  3:28  Drone  
  34  3:43  Spire  
  33  4:04  Drone  
  33  4:06  Overlord  
  34  4:10  Drone x2  
  34  4:11  Drone  
  34  4:15  Drone  
  34  4:16  Drone x2  
  40  4:17  Drone  
  40  4:18  Drone  
  40  4:22  Queen  
  44  4:26  Drone  
  45  4:40  Drone  
  46  4:47  Extractor  
  46  4:48  Extractor  
  44  4:58  Queen  
  46  5:01  Mutalisk x3  
  46  5:02  Mutalisk  
  54  5:08  Overlord x3  
  54  5:09  Overlord  
  54  5:18  Drone  
  54  5:19  Drone x2  
  57  5:24  Mutalisk  
  57  5:25  Overlord x2  
  57  5:26  Overlord  
  59  5:30  Zerg Flyer Weapons Level 1  
  59  5:41  Drone x2  
  59  5:42  Drone x2  
  63  5:46  Spire  
  63  5:48  Overseer x2  
  62  5:51  Mutalisk  
  62  5:52  Mutalisk  
  62  5:57  Metabolic Boost  
  66  6:22  Mutalisk x3  
  72  6:32  Queen  
  74  6:33  Mutalisk  
  76  6:44  Mutalisk  
  78  6:53  Mutalisk  
  80  7:07  Zerg Flyer Armor Level 1  
  80  7:30  Hatchery  
  79  7:43  Zerg Flyer Weapons Level 2  
  79  7:56  Infestation Pit  
  68  9:02  Overseer  
  68  9:04  Corruptor x3  
  68  9:05  Corruptor x5  
  68  9:06  Corruptor x2  
  88  9:14  Queen  
  88  9:16  Drone x3  
  93  9:33  Extractor  
  93  9:37  Extractor  
  91  9:49  Drone x3  
  91  9:50  Queen  
  96  9:53  Hive  
  96  9:58  Zerg Flyer Armor Level 2  
  96  10:07  Lair  
  96  10:09  Corruptor  
  96  10:11  Overlord x2  
  98  10:18  Overlord  
  98  10:19  Overlord x4  
  98  10:20  Overlord x2  
  98  10:29  Drone, Queen  
  98  10:30  Drone x2  
  103  10:43  Drone  
  104  11:20  Hatchery  
  104  11:22  Hatchery  
  102  12:04  Zerg Flyer Weapons Level 3  
  102  12:16  Greater Spire  
  102  12:19  Queen  
  102  12:22  Corruptor x6  
  108  12:23  Corruptor x5  
  108  12:24  Corruptor x5  
  136  12:50  Queen  
  138  12:52  Drone  
  138  12:55  Queen  
  141  13:25  Queen  
  143  14:01  Queen  
  145  14:07  Queen  
  145  14:09  Drone  
  149  14:10  Drone  
  149  14:11  Drone  
Show
View Real Time Build Order
Export as new Build Order

nefalem Protoss - Winner!

Build Orders: Carriers 

Get SALT Encoding   

  12  0:00  Probe  
  13  0:08  Probe  
  14  0:20  Pylon  
  14  0:31  Pylon  
  14  0:43  Gateway  
  14  0:45  Probe  
  15  0:57  Probe  
  15  1:02  Forge  
  16  1:05  Probe  
  17  1:13  Probe  
  17  1:14  Assimilator  
  18  1:24  Probe  
  19  1:35  Cybernetics Core  
  19  1:43  Photon Cannon  
  19  1:46  Probe  
  20  1:58  Probe  
  21  2:04  Assimilator  
  21  2:10  Probe  
  22  2:19  Probe, Pylon  
  22  2:28  Probe  
  23  2:34  Stargate  
  24  2:38  Probe  
  25  2:46  Assimilator  
  25  2:50  Probe  
  26  3:02  Probe  
  27  3:08  Void Ray  
  27  3:14  Probe  
  32  3:26  Probe  
  33  3:30  Pylon  
  33  3:32  Pylon  
  33  3:38  Probe  
  34  3:43  Void Ray  
  34  3:50  Probe  
  39  4:02  Probe  
  40  4:05  Nexus  
  40  4:24  Void Ray  
  40  4:31  Stargate  
  44  4:40  Pylon  
  44  4:51  Probe  
  45  4:57  Assimilator, Void Ray  
  45  5:03  Probe  
  46  5:14  Protoss Air Weapons Level 1, Probe  
  50  5:15  Probe  
  52  5:22  Probe  
  52  5:27  Probe  
  54  5:32  Probe  
  55  5:39  Probe  
  56  5:44  Probe  
  57  5:51  Probe  
  57  5:56  Probe  
  59  5:59  Void Ray x2  
  67  6:42  Void Ray x2  
  59  7:03  Stargate  
  59  7:08  Stargate  
  59  7:14  Fleet Beacon  
  59  7:19  Cybernetics Core  
  59  7:22  Pylon x2  
  59  7:26  Nexus  
  59  7:29  Assimilator  
  59  7:31  Void Ray x2  
  59  7:32  Probe  
  59  7:33  Probe  
  59  7:34  Assimilator  
  69  7:45  Probe x2  
  70  7:51  Void Ray  
  74  8:03  Void Ray  
  74  8:04  Carrier  
  84  8:23  Carrier  
  86  8:53  Protoss Air Weapons Level 2  
  86  9:00  Protoss Air Armor Level 1  
  83  9:57  Carrier  
  89  10:00  Void Ray  
  89  10:05  Probe  
  94  10:14  Carrier  
  94  10:15  Pylon  
  94  10:16  Pylon  
  94  10:18  Pylon  
  94  10:33  Probe x2  
  102  10:45  Probe  
  103  11:06  Carrier x2  
  115  12:27  Carrier  
  117  12:30  Pylon x2  
  117  12:33  Pylon x2  
  117  12:40  Nexus  
  117  12:42  Assimilator  
  117  12:44  Assimilator  
  117  12:48  Carrier x2  
  117  12:51  Carrier  
  153  14:02  Probe  
  154  14:11  Probe  
  154  14:14  Probe x2  
  157  14:20  Probe  
  158  14:26  Probe x2  
  160  14:37  Assimilator  
Show
View Real Time Build Order
Export as new Build Order

Itek Protoss - Winner!

Build Orders: Nexus First, Carriers 

Get SALT Encoding   

  1  0:00  Probe  
  13  0:07  Probe  
  14  0:17  Probe  
  15  0:53  Nexus  
  15  1:00  Pylon  
  15  1:03  Pylon  
  15  1:14  Probe  
  16  1:22  Probe  
  16  1:27  Gateway  
  17  1:35  Forge  
  17  1:41  Probe  
  17  1:45  Assimilator  
  18  1:49  Pylon  
  18  1:53  Probe  
  19  2:02  Probe  
  20  2:10  Probe  
  20  2:13  Photon Cannon  
  20  2:14  Probe  
  22  2:20  Probe  
  22  2:25  Probe  
  24  2:32  Probe  
  24  2:34  Probe  
  25  2:42  Probe  
  27  2:44  Probe  
  28  2:53  Probe  
  28  2:54  Photon Cannon  
  28  2:56  Probe  
  28  2:58  Pylon  
  30  3:02  Probe  
  31  3:08  Probe  
  31  3:10  Probe  
  32  3:12  Pylon  
  32  3:16  Assimilator  
  32  3:18  Probe  
  32  3:19  Probe  
  33  3:26  Probe  
  36  3:34  Probe  
  36  3:38  Photon Cannon  
  36  3:40  Assimilator  
  37  3:43  Probe  
  37  3:44  Assimilator  
  37  3:46  Probe  
  39  3:53  Cybernetics Core  
  39  3:55  Probe  
  40  3:59  Probe  
  41  4:03  Probe  
  41  4:08  Probe  
  42  4:12  Probe  
  42  4:16  Probe  
  44  4:21  Probe  
  46  4:31  Shield Battery  
  46  4:34  Photon Cannon  
  46  4:37  Stargate  
  46  4:43  Photon Cannon  
  46  4:46  Photon Cannon  
  46  4:52  Shield Battery  
  46  4:55  Pylon  
  46  5:03  Stargate  
  46  5:04  Stargate  
  46  5:06  Stargate  
  46  5:13  Photon Cannon  
  46  5:19  Shield Battery  
  46  5:32  Pylon  
  46  5:34  Nexus  
  46  5:37  Pylon  
  46  5:40  Pylon  
  46  5:43  Assimilator  
  46  5:45  Void Ray  
  46  5:47  Void Ray  
  46  5:49  Assimilator  
  54  5:57  Void Ray  
  54  6:04  Void Ray  
  62  6:13  Photon Cannon  
  62  6:18  Photon Cannon  
  62  6:20  Shield Battery  
  62  6:24  Photon Cannon  
  62  6:29  Pylon  
  62  6:39  Photon Cannon  
  62  6:42  Void Ray  
  62  6:43  Probe  
  62  6:44  Photon Cannon  
  63  6:51  Probe  
  67  6:57  Void Ray  
  67  6:59  Void Ray  
  67  7:00  Probe  
  73  7:13  Probe  
  78  7:24  Void Ray  
  78  7:25  Probe  
  83  7:37  Probe  
  84  7:49  Probe  
  85  8:01  Probe  
  86  8:10  Probe  
  70  8:18  Probe  
  71  8:21  Photon Cannon  
  71  8:24  Shield Battery  
  72  8:28  Photon Cannon, Probe  
  72  8:29  Shield Battery  
  73  8:35  Void Ray x4  
  73  8:36  Shield Battery  
  73  8:38  Photon Cannon  
  73  8:40  Probe  
  90  8:52  Probe  
  91  8:56  Protoss Shields Level 1  
  91  8:59  Protoss Air Weapons Level 1  
  91  9:04  Probe  
  92  9:16  Probe  
  93  9:17  Void Ray  
  93  9:18  Void Ray x3  
  109  9:29  Probe  
  110  9:41  Stargate, Probe  
  110  9:42  Stargate  
  110  9:44  Stargate  
  111  9:47  Pylon  
  111  9:48  Pylon  
  111  9:52  Probe, Pylon  
  111  9:58  Pylon  
  112  10:00  Probe  
  113  10:08  Probe  
  113  10:10  Cybernetics Core  
  113  10:11  Pylon  
  114  10:16  Pylon  
  114  10:19  Probe  
  115  10:27  Fleet Beacon, Twilight Council  
  115  10:32  Stargate  
  115  10:34  Stargate  
  115  10:38  Pylon  
  115  10:40  Pylon  
  115  10:41  Pylon  
  115  10:44  Pylon  
  115  10:45  Pylon  
  115  10:49  Nexus  
  115  10:53  Assimilator  
  115  10:57  Assimilator  
  115  11:01  Probe  
  116  11:07  Void Ray x2  
  116  11:10  Tempest x2  
  134  11:13  Probe, Carrier  
  134  11:14  Carrier  
  147  11:23  Carrier  
  153  11:25  Probe  
  154  12:01  Carrier x3  
  168  12:42  Carrier  
  168  12:43  Carrier x2  
  186  12:45  Probe  
  187  12:53  Probe  
  188  13:03  Probe  
Show
View Real Time Build Order
Export as new Build Order

faded Zerg - Winner!

Build Orders: Pool First 

Get SALT Encoding   

  12  0:20  Spawning Pool  
  11  0:23  Drone  
  12  0:57  Drone, Hatchery  
  12  1:00  Drone  
  13  1:08  Zergling x2  
  14  1:15  Overlord  
  14  1:34  Queen  
  14  1:36  Drone x2  
  18  1:43  Extractor  
  18  1:44  Zergling x2  
  18  1:55  Drone  
  19  2:09  Zergling x2  
  19  2:14  Queen  
  22  2:16  Drone  
  22  2:20  Drone  
  24  2:25  Extractor  
  23  2:31  Drone  
  23  2:32  Drone  
  23  2:35  Drone  
  26  2:38  Extractor  
  26  2:42  Zergling x2  
  26  2:48  Baneling Nest  
  26  2:49  Drone  
  26  2:53  Drone  
  26  2:55  Drone  
  28  3:03  Overlord  
  28  3:25  Zergling x10  
  28  3:26  Zergling x2  
  34  3:31  Metabolic Boost  
  34  3:34  Baneling  
  34  3:37  Baneling  
  34  3:40  Baneling  
  34  3:44  Drone x2  
  36  3:51  Overlord  
  36  3:57  Overlord  
  36  4:11  Baneling  
  36  4:18  Baneling  
  36  4:26  Lair  
  36  4:29  Drone x5  
  41  4:39  Overlord  
  41  4:46  Drone x2  
  41  4:48  Drone  
  44  5:03  Drone x3  
  46  5:36  Overlord x2  
  46  5:45  Spire  
  45  5:50  Overseer  
  45  5:53  Spore Crawler  
  45  5:55  Spore Crawler  
  45  5:56  Spore Crawler  
  42  5:59  Drone x4  
  42  6:01  Drone  
  47  6:11  Spore Crawler  
  46  6:12  Drone x4, Extractor  
  46  6:13  Drone x4  
  46  6:14  Drone x2  
  55  6:27  Zergling x6  
  55  6:28  Zergling x6  
  61  6:46  Zergling x2  
  62  6:58  Mutalisk x4  
  70  7:08  Drone x2  
  72  7:09  Mutalisk  
  74  7:17  Overlord x5  
  74  7:20  Overseer  
  67  8:04  Mutalisk x4  
  67  8:05  Mutalisk x4  
  79  8:11  Mutalisk x4  
  91  8:16  Mutalisk  
  93  8:24  Evolution Chamber  
  93  8:26  Zergling x2  
  93  8:27  Evolution Chamber  
  92  8:32  Zerg Flyer Weapons Level 1  
  92  8:33  Zergling x2  
  93  8:52  Zerg Melee Weapons Level 1  
  93  8:54  Zerg Ground Armor Level 1  
  87  9:42  Mutalisk x2  
  87  9:43  Mutalisk x4  
  99  9:48  Hatchery, Zergling x18  
  107  10:03  Zergling x4  
  107  10:04  Zergling x4  
  111  10:11  Drone  
  112  10:22  Zergling x2  
  112  10:23  Zergling x2  
  112  10:26  Zerg Flyer Armor Level 1  
  112  10:27  Mutalisk  
  116  10:32  Extractor  
  116  10:35  Extractor  
  114  10:43  Corruptor  
  116  10:51  Overlord x3  
  116  11:03  Drone  
  117  11:04  Queen  
  119  11:12  Zerg Melee Weapons Level 2  
  119  11:14  Zerg Ground Armor Level 2  
  119  11:20  Infestation Pit  
  119  11:24  Zergling x2  
  119  11:25  Zergling x18  
  126  11:26  Zergling x12  
  134  11:43  Drone x2  
  136  11:53  Overseer x2  
  136  11:56  Overlord x4  
  136  12:24  Hive  
  136  12:28  Zerg Flyer Weapons Level 2  
  135  12:36  Zergling x8  
  135  12:37  Zergling x16  
  141  12:38  Zergling x10  
  152  12:48  Overlord x3  
  139  13:09  Mutalisk x3  
  145  13:15  Spore Crawler  
  145  13:16  Spore Crawler x2  
  145  13:19  Spore Crawler  
  141  13:21  Spore Crawler  
  141  13:24  Drone, Spore Crawler  
  141  13:25  Drone x2  
  141  13:27  Spore Crawler  
Show
View Real Time Build Order
Export as new Build Order

Smileblind Protoss 

Build Orders: Phoenix Opening 

Get SALT Encoding   

  12  0:03  Probe  
  13  0:18  Probe  
  13  0:20  Pylon  
  14  0:28  Probe  
  15  0:36  Probe  
  16  0:45  Probe  
  16  0:48  Gateway  
  17  0:54  Assimilator  
  17  0:59  Probe  
  18  1:11  Probe  
  18  1:12  Forge  
  19  1:23  Assimilator, Probe  
  20  1:35  Pylon  
  20  1:38  Zealot  
  22  1:47  Cybernetics Core  
  22  2:00  Photon Cannon  
  22  2:02  Probe  
  23  2:14  Warp Gate, Probe  
  24  2:17  Pylon  
  24  2:26  Probe  
  24  2:27  Stargate  
  25  2:53  Twilight Council  
  25  2:59  Stalker  
  27  3:07  Shield Battery  
  27  3:10  Probe  
  28  3:18  Phoenix  
  30  3:23  Probe  
  31  3:35  Probe  
  32  3:43  Phoenix  
  34  3:50  Photon Cannon  
  34  3:59  Photon Cannon  
  34  4:00  Charge  
  34  4:22  Stalker  
  36  4:42  Nexus  
  36  4:45  Pylon  
  36  4:48  Pylon  
  36  4:57  Probe  
  36  5:05  Assimilator, Probe  
  36  5:06  Assimilator  
  37  5:11  Photon Cannon  
  38  5:14  Probe  
  39  5:26  Probe  
  40  5:28  Void Ray  
  44  5:38  Probe  
  45  5:44  Photon Cannon  
  45  5:50  Probe  
  45  5:54  Probe  
  45  5:55  Photon Cannon  
  46  6:02  Probe  
  48  6:27  Stargate  
  48  6:30  Probe x2  
  48  6:42  Probe x2  
  48  6:44  Stalker  
  44  6:52  Void Ray  
  46  6:54  Probe x2  
  46  6:59  Pylon  
  48  7:03  Probe  
  48  7:06  Probe  
  50  7:11  Probe  
  50  7:14  Shield Battery  
  51  7:16  Protoss Air Weapons Level 1  
  51  7:18  Probe  
  51  7:20  Fleet Beacon  
  52  7:32  Void Ray  
  56  7:39  Shield Battery  
  56  7:44  Void Ray  
  60  7:59  Robotics Facility  
  60  8:14  Photon Cannon  
  60  8:15  Void Ray  
  60  8:18  Shield Battery  
  64  8:25  Protoss Ground Weapons Level 1  
  64  8:26  Tempest  
  69  8:47  Warp Prism  
  71  8:58  Protoss Air Weapons Level 2, Carrier  
  77  9:06  Pylon  
  77  9:09  Pylon  
  77  9:13  Pylon  
  85  9:24  Mothership  
  85  9:30  Carrier  
  91  9:39  Pylon  
  91  9:44  Pylon  
  91  9:45  Stalker  
  93  10:06  Carrier  
  99  10:34  Carrier  
  105  10:41  Nexus  
  105  10:46  Pylon  
  105  11:10  Void Ray  
  109  11:14  Pylon  
  109  11:21  Gateway  
  109  11:23  Assimilator  
  109  11:24  Assimilator  
  109  11:28  Photon Cannon  
  109  11:32  Photon Cannon  
  109  11:38  Carrier  
  109  11:39  Photon Cannon  
  115  11:44  Shield Battery  
  115  11:53  Tempest  
  120  11:55  Probe  
  121  12:03  Probe  
  122  12:12  Probe  
  122  12:22  Stalker x2  
  127  12:24  Probe  
  128  12:36  Probe, Void Ray  
  133  12:38  Shield Battery  
  133  12:43  Pylon  
  133  12:47  Pylon  
  133  12:48  Probe  
  134  13:00  Probe  
  134  13:02  Immortal  
  139  13:40  Void Ray x2  
Show
View Real Time Build Order
Export as new Build Order

jeanpaul Protoss 

Build Orders: 1 Gate Expand 

Get SALT Encoding   

  12  0:10  Pylon  
  12  0:31  Gateway  
  12  0:38  Gateway  
  12  0:46  Assimilator  
  12  0:49  Probe  
  13  1:25  Nexus  
  13  1:38  Cybernetics Core, Probe  
  13  1:46  Probe  
  15  1:56  Probe  
  16  2:02  Pylon  
  16  2:08  Probe  
  17  2:18  Stalker  
  19  2:34  Assimilator  
  19  2:36  Probe  
  20  2:39  Stalker  
  20  2:43  Probe  
  23  2:51  Probe  
  24  3:01  Stalker  
  26  3:06  Probe  
  26  3:11  Assimilator  
  27  3:15  Stalker  
  29  3:28  Probe  
  29  3:29  Probe  
  31  3:34  Stalker  
  33  3:42  Pylon  
  33  3:44  Probe  
  33  3:46  Probe  
  35  3:50  Stalker  
  37  3:58  Probe  
  37  3:59  Probe  
  39  4:07  Forge  
  39  4:11  Probe  
  39  4:16  Stalker  
  42  4:34  Robotics Facility  
  42  4:36  Probe x2  
  44  4:39  Stalker  
  46  4:46  Assimilator  
  46  4:49  Probe  
  47  4:59  Photon Cannon  
  47  5:01  Probe  
  47  5:04  Pylon  
  48  5:13  Probe  
  49  5:24  Observer  
  49  5:26  Pylon  
  49  5:28  Stalker x2  
  53  5:29  Pylon  
  54  5:37  Protoss Ground Weapons Level 1  
  54  5:42  Observer  
  54  5:43  Photon Cannon  
  54  5:46  Pylon  
  55  5:53  Probe  
  55  5:54  Probe  
  57  5:58  Stalker  
  59  6:05  Probe  
  59  6:10  Forge  
  60  6:12  Photon Cannon  
  60  6:15  Pylon  
  60  6:17  Probe  
  61  6:22  Stalker  
  61  6:25  Probe  
  64  6:28  Stalker  
  66  6:57  Twilight Council  
  66  6:58  Photon Cannon  
  66  7:00  Protoss Ground Armor Level 1  
  66  7:03  Stalker x2  
  70  7:24  Blink  
  70  7:39  Protoss Ground Weapons Level 2  
  70  7:42  Stalker x2  
  70  8:02  Probe  
  70  8:03  Probe  
  72  8:23  Stalker  
  72  8:24  Stalker  
  76  8:47  Observer  
  77  8:49  Probe  
  77  8:50  Probe  
  77  8:53  Stalker  
  77  8:54  Stalker  
  83  9:01  Probe  
  83  9:02  Probe  
  85  9:10  Pylon  
  85  9:13  Pylon  
  85  9:17  Probe  
  85  9:18  Probe  
  85  9:23  Stalker  
  85  9:24  Stalker, Photon Cannon  
  85  9:26  Photon Cannon  
  85  9:29  Probe  
  85  9:30  Probe  
  71  9:50  Gateway  
  71  9:54  Gateway  
  71  9:57  Gateway  
  70  10:09  Stalker x2  
  70  10:12  Resonating Glaives  
  74  10:15  Protoss Ground Weapons Level 3  
  74  10:16  Protoss Ground Armor Level 2  
  74  10:18  Probe  
  74  10:19  Probe  
  76  10:30  Probe  
  76  10:31  Probe  
  76  10:35  Nexus  
  78  10:39  Stalker x2  
  82  10:43  Stalker x2  
  82  10:44  Stalker  
  82  10:49  Observer  
  89  11:09  Stalker x2  
  93  11:13  Stalker x2  
  93  11:14  Stalker  
  99  11:39  Stalker x2  
  103  11:43  Stalker x3  
  107  12:09  Stalker x2  
  107  12:13  Stalker x3  
  117  12:16  Pylon  
  117  12:18  Pylon  
  117  12:20  Pylon  
  117  12:25  Pylon  
  117  12:26  Pylon  
  117  12:29  Pylon  
  116  12:30  Pylon  
  116  12:39  Stalker x2  
  116  12:43  Stalker x3  
  94  13:13  Stalker  
Show
View Real Time Build Order
Export as new Build Order

dkoltz Protoss 

Build Orders: Cannon Rush 

Get SALT Encoding   

  12  0:16  Pylon  
  12  0:41  Forge  
  12  0:43  Gateway  
  12  0:51  Assimilator  
  12  0:56  Probe  
  13  1:08  Probe  
  14  1:29  Photon Cannon  
  14  1:31  Photon Cannon  
  14  1:43  Photon Cannon  
  14  1:47  Probe  
  15  1:59  Probe  
  16  2:14  Pylon  
  16  2:18  Probe  
  17  2:30  Probe  
  18  2:42  Probe  
  19  2:46  Photon Cannon  
  19  2:49  Photon Cannon  
  19  2:56  Probe  
  20  3:03  Assimilator  
  20  3:08  Probe  
  21  3:21  Probe  
  22  4:15  Nexus  
  22  5:04  Assimilator  
  22  5:10  Assimilator  
  22  5:26  Pylon  
  22  5:29  Pylon  
  22  5:33  Probe  
  23  5:36  Probe  
  24  5:45  Probe  
  24  5:48  Probe  
  26  5:50  Cybernetics Core  
  26  6:00  Probe  
  26  6:03  Probe  
  28  6:15  Probe  
  29  6:27  Probe  
  30  6:35  Stargate  
  30  6:39  Probe  
  31  6:42  Stargate  
  31  6:47  Stargate  
  31  6:50  Stargate  
  31  6:51  Probe  
  32  6:56  Photon Cannon  
  32  6:58  Photon Cannon  
  32  7:00  Pylon  
  33  7:30  Probe  
  33  7:38  Pylon  
  33  7:42  Pylon, Probe  
  34  7:45  Pylon  
  34  7:52  Void Ray x2  
  34  7:53  Void Ray x2  
  34  7:54  Probe  
  34  7:58  Protoss Air Weapons Level 1  
  51  7:59  Protoss Shields Level 1  
  51  8:06  Probe  
  52  8:18  Probe  
  53  8:33  Photon Cannon  
  53  8:34  Photon Cannon  
  53  8:49  Void Ray x3  
  53  8:50  Void Ray  
  69  9:32  Pylon  
  69  9:34  Pylon  
  69  9:38  Pylon  
  69  9:44  Phoenix x3  
  69  9:45  Phoenix  
  77  10:09  Phoenix x4  
  85  10:39  Nexus  
  85  10:45  Assimilator  
  85  11:01  Void Ray  
  85  11:02  Void Ray x3  
  101  11:07  Assimilator  
  101  11:44  Void Ray  
  105  11:49  Protoss Air Armor Level 1  
  105  12:00  Pylon  
  105  12:02  Pylon  
  105  12:06  Pylon  
  105  12:34  Phoenix x2  
  105  12:35  Phoenix x2  
Show
View Real Time Build Order
Export as new Build Order

PAPAOSOS Protoss 

Build Orders: Nexus First 

Get SALT Encoding   

  12  0:40  Nexus  
  12  0:48  Probe  
  12  0:53  Pylon  
  13  1:15  Gateway  
  13  1:21  Assimilator  
  13  1:24  Assimilator, Probe  
  14  1:47  Forge  
  14  1:55  Pylon  
  14  2:02  Probe x2  
  16  2:14  Probe x2  
  18  2:22  Cybernetics Core  
  18  2:29  Probe x2  
  20  2:41  Probe x2  
  22  2:52  Pylon  
  22  3:00  Photon Cannon  
  22  3:03  Photon Cannon  
  22  3:14  Probe  
  22  3:15  Probe  
  24  3:23  Probe x2  
  25  3:31  Probe x2  
  26  3:39  Assimilator  
  28  3:42  Assimilator, Probe x2  
  30  3:55  Stargate  
  30  3:59  Stargate  
  30  4:06  Stargate  
  30  4:11  Probe x2  
  32  4:23  Probe x2  
  34  4:35  Probe x2  
  36  4:47  Probe x2  
  38  4:58  Robotics Facility  
  38  4:59  Probe x2  
  40  5:01  Twilight Council  
  40  5:05  Pylon  
  40  5:11  Probe  
  40  5:12  Probe, Void Ray  
  46  5:23  Probe  
  46  5:24  Probe, Void Ray  
  52  5:32  Pylon  
  52  5:34  Pylon  
  52  5:38  Void Ray  
  56  5:46  Observer  
  57  5:55  Void Ray  
  61  6:05  Stargate  
  61  6:07  Stargate  
  61  6:08  Observer  
  62  6:18  Void Ray  
  62  7:07  Void Ray x3  
  74  8:19  Assimilator  
  74  8:20  Nexus  
  70  8:46  Photon Cannon  
  70  8:51  Photon Cannon  
  70  8:52  Photon Cannon x2  
  70  8:54  Photon Cannon  
  70  8:55  Photon Cannon, Pylon  
  70  8:56  Pylon  
  70  8:59  Photon Cannon  
  70  9:17  Pylon  
  70  9:21  Pylon  
  70  9:23  Photon Cannon  
  70  9:27  Photon Cannon  
  70  9:28  Photon Cannon  
  70  9:50  Photon Cannon  
  70  9:52  Photon Cannon  
  70  9:56  Photon Cannon  
  70  10:18  Pylon  
  70  10:19  Assimilator  
  70  10:41  Void Ray  
  70  10:42  Void Ray x4  
  90  10:44  Pylon  
  90  10:45  Pylon  
  90  10:48  Pylon  
  90  10:56  Probe  
  91  11:11  Stargate  
  91  11:12  Dark Shrine  
  91  11:13  Fleet Beacon  
  91  11:16  Robotics Bay  
  91  11:27  Gateway  
  91  11:30  Cybernetics Core  
  91  11:47  Photon Cannon  
  91  11:51  Pylon  
  91  11:54  Photon Cannon x2  
  91  11:58  Photon Cannon  
  91  12:02  Photon Cannon  
  91  12:03  Photon Cannon  
  91  12:13  Photon Cannon  
  91  12:15  Photon Cannon  
  41  12:35  Carrier x2  
  41  12:36  Carrier  
  51  12:45  Photon Cannon  
  51  12:48  Photon Cannon  
  51  13:10  Void Ray  
  55  13:15  Void Ray  
  59  13:32  Photon Cannon  
  33  14:01  Observer  
Tags
 
Add a new tag
Caveats
  • Supply blocks, unpowered buildings, or Contaminate may cause inaccurate times.
  • Supply counts are checked every 10 seconds.